 Dungeon Crawl Stone Soup version 0.22-a0-799-g88f5e907b7 (webtiles) character file.

561 Holzbalken the Cudgeler (level 7, -2/41 HPs)
             Began as a Gargoyle Monk on July 21, 2018.
             Was a Believer of Nemelex Xobeh.
             Splashed by a jelly's acid (5 damage)
             ... on level 5 of the Dungeon.
             The game lasted 00:15:31 (3883 turns).

Holzbalken the Cudgeler (Gargoyle Monk)             Turns: 3883, Time: 00:15:31

Health: -2/41      AC:  9    Str: 16    XL:     7   Next: 31%
Magic:  9/9        EV:  5    Int: 11    God:    Nemelex Xobeh [**....]
Gold:   145        SH:  0    Dex: 15    Spells: 6/6 levels left

rFire    . . .     SeeInvis .   n - +3 mace (crush)
rCold    . . .     Gourm    .   (no shield)
rNeg     + . .     Faith    .   d - +0 plate armour
rPois    ∞         Spirit   .   s - +0 helmet
rElec    +         Reflect  .   l - +0 cloak
rCorr    .         Harm     .   h - +0 pair of gloves
MR       .....                  (no boots)
Stlth    ..........             (no amulet)
HPRegen  0.13/turn              i - +3 ring of dexterity
MPRegen  0.11/turn              x - ring of poison resistance

@: corroded
A: negative energy resistance 1, electricity resistance, unbreathing,
petrification resistance, rot immunity, AC +4
a: Renounce Religion


You were on level 5 of the Dungeon.
You worshipped Nemelex Xobeh.
Nemelex Xobeh was pleased with you.
You were hungry.

You visited 2 branches of the dungeon, and saw 6 of its levels.

You collected 145 gold pieces.

Inventory:

Hand Weapons
 a - a +0 mace
 n - a +3 mace of crushing (weapon)
Armour
 b - a +0 robe
 d - a +0 plate armour (worn)
 h - a +0 pair of gloves (worn)
 l - a +0 cloak (worn)
 s - a +0 helmet (worn)
Jewellery
 i - a +3 ring of dexterity (left hand)
 x - a ring of poison resistance (right hand)
 C - an uncursed ring of flight {unknown}
Wands
 o - a wand of random effects (16)
 u - a wand of paralysis (5)
Scrolls
 g - 3 scrolls of teleportation
 p - a scroll of noise {unknown}
 r - a scroll of fog
 v - a scroll of blinking {unknown}
 w - a scroll of identify
Potions
 e - 2 potions of curing
 f - a potion of brilliance {unknown}
 j - 3 potions of lignification
 m - a potion of agility {unknown}
 q - a potion of berserk rage {unknown}
 t - a potion of ambrosia {unknown}
 z - a potion of cancellation {unknown}
Miscellaneous
 y - an ornate deck of destruction {drawn: 2}
 A - a plain deck of destruction {drawn: 2}
 B - a plain deck of summoning
Comestibles
 c - 12 rations


   Skills:
 - Level 3.2 Fighting
 + Level 7.5 Maces & Flails
 - Level 2.4 Dodging
 - Level 2.1 Stealth
 * Level 3.2 Invocations


You had 6 spell levels left.
You didn't know any spells.
Your spell library was empty.

Dungeon Overview and Level Annotations

Branches:
Dungeon (5/15)             Temple (1/1) D:4

Altars:
Ashenzari
Cheibriados
Dithmenos
Elyvilon
Fedhas
Gozag
Makhleb
Nemelex Xobeh
Qazlal
Ru
Sif Muna
Trog
Uskayaw
Vehumet
Wu Jian
Xom
Yredelemnul
Zin
The Shining One


Innate Abilities, Weirdness & Mutations

You are resistant to torment.
Your stone body is resilient. (AC +4)
You are immune to poison.
You resist negative energy. (rN+)
You are resistant to electric shocks. (rElec)
You can survive without breathing.
You are immune to petrification.
You are immune to rotting.


Message History

You barely miss the scorpion.
The scorpion is almost dead.
The jelly hits you but does no damage.
The scorpion stings you but does no damage.
You hit the scorpion.
You kill the scorpion!
Your Invocations skill increases to level 3!
The jelly hits you but does no damage. The jelly hits you but does no damage.
You hit the jelly. The acid corrodes you!
Your hands burn!
The jelly is lightly wounded.
The jelly hits you. The acid corrodes you!
You are splashed with acid!
The acid burns!
You hit the jelly.
Your hands burn!
The jelly is heavily wounded.
The jelly hits you.
You are splashed with acid!
The acid burns!
* * * LOW HITPOINT WARNING * * *
You hit the jelly.
Your hands burn!
You die...
Your body glows slightly and disappears.

##### #...# ############
#...# #
###....J.....####...####
.......@.....'..'......'
###..........####...####
####+####### #...# #
#...# #...# ##### ###
#.. #####'#


You could see a jelly.

Vanquished Creatures
  A phantom (D:5)
  A scorpion (D:5)
  A howler monkey (D:4)
  2 hounds (D:4)
  An orc priest (D:4)
  2 orc wizards
  An iguana (D:5)
  A worker ant (D:4)
  11 adders
  4 worms
  3 dart slugs
  2 leopard geckos (D:4)
  6 orcs
  3 giant cockroaches
  7 goblins
  5 hobgoblins
  5 quokkas
  A ball python (D:4)
  10 bats
  5 frilled lizards
  5 kobolds
  A leopard gecko skeleton (D:4)
  7 rats
85 creatures vanquished.

Notes
Turn   | Place    | Note
-------+----------+-------------------------------------------
     0 | D:1      | Holzbalken the Gargoyle Monk began the quest for the Orb.
     0 | D:1      | Reached XP level 1. HP: 14/14 MP: 1/1
   202 | D:1      | Reached XP level 2. HP: 19/19 MP: 2/2
   533 | D:1      | Reached skill level 4 in Maces & Flails
   634 | D:2      | Reached XP level 3. HP: 15/23 MP: 3/3
  1083 | D:2      | Reached XP level 4. HP: 22/28 MP: 4/4
  1346 | D:2      | Reached skill level 5 in Maces & Flails
  2491 | D:4      | Reached XP level 5. HP: 30/32 MP: 5/5
  2539 | D:4      | Reached skill level 6 in Maces & Flails
  2619 | D:4      | Found a shimmering altar of Xom.
  2706 | D:4      | Found a basalt altar of Yredelemnul.
  2726 | D:4      | Reached XP level 6. HP: 37/37 MP: 6/6
  2995 | D:4      | Found an opulent altar of Gozag.
  3116 | D:4      | Reached skill level 7 in Maces & Flails
  3213 | D:4      | Found a staircase to the Ecumenical Temple.
  3219 | Temple   | Entered the Ecumenical Temple
  3250 | Temple   | Became a worshipper of Nemelex Xobeh the Trickster
  3250 | Temple   | Received a gift from Nemelex Xobeh
  3250 | Temple   | Reached * piety under Nemelex Xobeh
  3250 | Temple   | Received a gift from Nemelex Xobeh
  3250 | Temple   | Received a gift from Nemelex Xobeh
  3250 | Temple   | Reached ** piety under Nemelex Xobeh
  3436 | D:5      | Entered Level 5 of the Dungeon
  3477 | D:5      | Reached skill level 1 in Invocations
  3559 | D:5      | Noticed Eustachio
  3582 | D:5      | Noticed Eustachio
  3582 | D:5      | Eustachio changed into Eustachio the worm
  3587 | D:5      | Killed Eustachio the worm
  3796 | D:5      | Noticed a phantom
  3855 | D:5      | Killed a phantom
  3855 | D:5      | Reached XP level 7. HP: 33/41 MP: 7/9
  3883 | D:5      | Splashed by a jelly's acid

Vault maps used:
D:1:      minmay_arrival_three_doors
D:2:      first_ration, corexii_corridor_pit
D:4:      nicolae_gozag_cash_rules_everything_around_me, lemuel_crystal_altar,
          minmay_temple_entry_enclosed_plants, minmay_ruined_shrine
D:5:      portal_sewer_entry_b, basic_altar, uniq_eustachio
Temple:   nicolae_temple_elliptical

Skill      XL: |  1  2  3  4  5  6  7 |
---------------+----------------------+-----
Maces & Flails | 4 5 6 7 |  7.5
Invocations    | 2 3 |  3.2
Fighting       | |  3.2
Dodging        | |  2.4
Stealth        | |  2.1

Action                   |  1- 3 |  4- 6 |  7- 9 || total
-------------------------+-------+-------+-------++-------
Melee: Mace              |   123 |   210 |     9 ||   342
Evoke: Deck              |       |     4 |       ||     4
  Use: Scroll            |       |     6 |       ||     6
  Eat: Chunk             |     1 |     8 |       ||     9
Armor: Plate armour      |   129 |   246 |    10 ||   385
Dodge: Dodged            |    34 |    59 |     3 ||    96

Table legend:
 A = Spawn XP
 B = Non-spawn XP
 C = Spawn XP percentage of total XP
 D = Spawn monster count
 E = Non-spawn monster count
 F = Spawn count percentage of total count
 G = Total turns spent on level
                    A         B        C        D         E        F      G
               +---------+---------+-------+---------+---------+-------+---------
         Total |       0 |     802 |   0.0 |       0 |      85 |   0.0 |  3883
               +---------+---------+-------+---------+---------+-------+---------
           D:1 |       0 |      30 |   0.0 |       0 |      18 |   0.0 |   593
           D:2 |       0 |     100 |   0.0 |       0 |      24 |   0.0 |  1205
           D:3 |       0 |      30 |   0.0 |       0 |      11 |   0.0 |   679
           D:4 |       0 |     311 |   0.0 |       0 |      19 |   0.0 |   818
           D:5 |       0 |     331 |   0.0 |       0 |      13 |   0.0 |   420
               +---------+---------+-------+---------+---------+-------+---------
